 Dungeon Crawl Stone Soup version 0.20-a0-492-g6327889 (webtiles) character file.

9436 nikopol the Cleaver (level 11, -1/69 HPs)
             Began as a Gargoyle Berserker on Jan 15, 2017.
             Was a High Priest of Trog.
             Slain by a killer bee (6 damage)
             ... on level 9 of the Dungeon.
             The game lasted 00:46:03 (11972 turns).

nikopol the Cleaver (Gargoyle Berserker)           Turns: 11972, Time: 00:46:04

Health: -1/69      AC: 22    Str: 22    XL:     11   Next: 46%
Magic:  11/11      EV: 11    Int:  7    God:    Trog [*****.]
Gold:   686        SH:  0    Dex: 12    Spells: 10/10 levels left

rFire    . . .     SeeInvis .   a - +2 hand axe (freeze)
rCold    . . .     Gourm    .   u - +0 chain mail
rNeg     + + +     Faith    .   (no shield)
rPois    ∞         Spirit   .   O - +1 helmet
rElec    +         Reflect  .   (no cloak)
rCorr    .         Harm     .   (no gloves)
MR       +....                  e - +0 pair of boots
Stlth    ..........             (no amulet)
Regen    0.2/turn               G - ring "Soxaiq" {+Fly rN++ MR+}
                                n - ring of positive energy

@: exhausted, starving, slowed, very slow
A: negative energy resistance 1, electricity resistance, unbreathing,
petrification resistance, rot immunity, AC +7
a: Berserk, Trog's Hand, Brothers in Arms, Burn Spellbooks, Renounce Religion,
Evoke Flight


You were on level 9 of the Dungeon.
You worshipped Trog.
Trog was extremely pleased with you.
You were starving.

You visited 1 branch of the dungeon, and saw 9 of its levels.
You also visited: Bailey.

You collected 1404 gold pieces.
You spent 718 gold pieces at shops.

Inventory:

Hand Weapons
 a - a +2 hand axe of freezing (weapon)
 y - a +0 shortbow
 z - a +3 longbow of freezing
Missiles
 v - 95 arrows (quivered)
Armour
 e - a +0 pair of boots (worn)
 u - a +0 chain mail (worn)
 O - a +1 helmet (worn)
Jewellery
 n - a ring of positive energy (left hand)
 G - the ring "Soxaiq" (right hand) {+Fly rN++ MR+}
   (You bought it in a shop on level 6 of the Dungeon)

   [ring of flight]

   It greatly protects you from negative energy.
   It affects your resistance to hostile enchantments.
   It lets you fly.
Wands
 M - a wand of polymorph (8/24)
Scrolls
 b - 3 scrolls of noise {unknown}
 i - a scroll of enchant weapon {unknown}
 j - 2 scrolls of fog
 l - 4 scrolls of teleportation
 m - 3 scrolls of identify
 p - a scroll of silence {unknown}
 r - 5 scrolls of remove curse
 s - a scroll of enchant armour
 A - 3 scrolls of blinking {unknown}
 E - 2 scrolls of immolation {unknown}
 K - a scroll of recharging {unknown}
 L - a scroll of brand weapon {unknown}
Potions
 d - a potion of resistance
 f - a potion of mutation {unknown}
 g - 3 potions of flight
 k - 2 potions of berserk rage
 o - a potion of agility
 q - a potion of curing
 t - 3 potions of heal wounds
 w - a potion of beneficial mutation {unknown}
 C - a potion of degeneration {unknown}
 D - a potion of cancellation {unknown}
 F - 2 potions of brilliance
 H - a potion of ambrosia {unknown}
 P - a potion of cure mutation {unknown}
Comestibles
 c - 3 bread rations
 h - 4 meat rations
 x - a beef jerky
 B - 6 slices of pizza
 I - 14 fruits
 J - a royal jelly


   Skills:
 + Level 8.6 Fighting
 * Level 9.7 Axes
 * Level 7.1 Bows
 + Level 8.2 Armour
 + Level 6.3 Dodging


You had 10 spell levels left.
You didn't know any spells.

Dungeon Overview and Level Annotations

Branches:
Dungeon (9/15)             Temple (0/1) D:7
   Lair: D:8-11         Orc: D:9-12

Altars:
Dithmenos
Hepliaklqana
Makhleb
Okawaru
Qazlal
Vehumet
Zin

Shops:
D:6 (==(   D:7 }


Innate Abilities, Weirdness & Mutations

You are resistant to torment.
Your stone body is resilient. (AC +7)
You are immune to poison.
You resist negative energy. (rN+)
You are resistant to electric shocks. (rElec)
You can survive without breathing.
You are immune to petrification.
You are immune to rotting.


Message History

The killer bee buzzes angrily.
Things that are here:
a giant club; a giant spiked club; 4 chunks of flesh Eat one of 4 chunks of flesh? (ye/n/q)
Okay, then.
A wight comes into view. It is wielding a mace.
You hit the killer bee. You freeze the killer bee.
The killer bee is moderately wounded.
The killer bee barely misses you.
The killer bee stings you but does no damage.
A wight comes into view. It is wielding a great sword.
You hit the killer bee but do no damage.
The killer bee is moderately wounded.
The killer bee closely misses you. The killer bee stings you.
* * * LOW HITPOINT WARNING * * *
You're too hungry.
The killer bee stings you but does no damage.
The killer bee closely misses you. The killer bee barely misses you.
The killer bee stings you.
You die...

######.# #+###'''## #.#
#.≈P.....# #.# #P≈≈..P..####
######.########## ###≈≈P....[#...
#.............>.# #.#P≈......####
..###..########.###.#PP≈.≈.≈.#...
#.# #..# #.......#####.#######
..# #..# #[###.#..##.#..#.####
#####..# #.#.@y.).z.z.(......#
.......#### # #.####.##.#...(..(.
#####.....### #.# #.##.#)...##.#
#...........# #.# #..(.)...###.#
..#######.#.# #.# ####)#÷#.# #.#
#.#######.#.#.#.### #.#)#.###(#
#.........#.#..<..# ###.#.#.##).#
..######..#.###.#.# #...#.#.##.##
#.######..#.# #.#.# #.###.#.##.#


You could see a killer bee and 2 wights.

Vanquished Creatures
  2 two-headed ogres (D:9)
  The ghost of Jano the Cutter, a novice DrMo of Okawaru (D:8)
  The ghost of TotoDurand the Cudgeler, a novice GrFi of Okawaru (D:5)
  Pikel (D:5)
  The ghost of Nuatha the Skirmisher, a novice VSWn (D:7)
  2 dream sheep (D:9)
  A wyvern (D:7)
  Sigmund (D:3)
  2 yaks (D:9)
  A steam dragon (D:9)
  2 orc warriors
  A water moccasin (D:7)
  2 sky beasts
  3 ice beasts
  A phantom (D:4)
  3 slaves (D:5)
  5 ogres
  A black bear (D:7)
  3 necrophages (D:8)
  3 centaurs
  3 big kobolds
  8 gnoll sergeants (Bailey)
  3 scorpions
  8 killer bees
  3 wights (D:8)
  A howler monkey (D:6)
  4 orc priests
  A quasit (D:8)
  5 crimson imps
  3 centaur zombies
  3 hounds
  A bullfrog zombie (D:6)
  7 gnoll shamans
  2 jellies
  10 orc wizards
  2 centaur skeletons (D:7)
  2 iguanas (D:7)
  9 worker ants
  2 hound zombies (D:8)
  A mummy (D:8)
  A worker ant zombie (D:5)
  31 gnolls
  7 adders
  2 shadow imps
  An ooze (D:3)
  An adder zombie (D:8)
  2 adder skeletons
  2 worms
  2 dart slugs
  8 leopard geckos
  24 orcs
  A giant cockroach (D:1)
  12 hobgoblins
  6 jackals
  3 quokkas
  A ball python (D:1)
  5 bats
  3 frilled lizards
  11 goblins
  A jackal zombie (D:6)
  14 kobolds
  A leopard gecko zombie (D:5)
  10 rats
  10 fungi (D:1)
274 creatures vanquished.

Vanquished Creatures (others)
  5 plants (D:9)
5 creatures vanquished.

Grand Total: 279 creatures vanquished

Notes
Turn   | Place    | Note
-------+----------+-------------------------------------------
     0 | D:1      | nikopol the Gargoyle Berserker began the quest for the Orb.
     0 | D:1      | Reached XP level 1. HP: 14/14 MP: 1/1
   277 | D:1      | Reached XP level 2. HP: 19/19 MP: 2/2
   687 | D:1      | Reached XP level 3. HP: 20/24 MP: 3/3
  1571 | D:2      | Found a glowing silver altar of Zin.
  1622 | D:2      | Reached ** piety under Trog
  1890 | D:2      | Reached XP level 4. HP: 24/29 MP: 4/4
  2038 | D:3      | Reached skill level 3 in Axes
  2347 | D:3      | Noticed Sigmund
  2355 | D:3      | Killed Sigmund
  2355 | D:3      | Reached XP level 5. HP: 34/34 MP: 5/5
  2355 | D:3      | Reached XP level 6. HP: 39/39 MP: 6/6
  2471 | D:3      | Found a burning altar of Makhleb.
  2471 | D:3      | Noticed an Executioner
  2668 | D:3      | Reached skill level 4 in Axes
  3098 | D:4      | Noticed a phantom
  3162 | D:4      | Killed a phantom
  3317 | D:4      | Reached XP level 7. HP: 44/44 MP: 7/7
  3812 | D:4      | Reached skill level 5 in Fighting
  3814 | D:4      | Reached *** piety under Trog
  3883 | D:4      | Found a radiant altar of Vehumet.
  3883 | D:4      | Found a shadowy altar of Dithmenos.
  4122 | D:5      | Entered Level 5 of the Dungeon
  4122 | D:5      | Noticed TotoDurand's ghost (novice GrFi)
  4143 | D:5      | HP: 1/44 [TotoDurand's ghost (6)]
  4599 | D:5      | Reached skill level 5 in Axes
  4773 | D:4      | Found a hazy altar of Hepliaklqana.
  4944 | D:5      | Killed TotoDurand's ghost
  4944 | D:5      | Reached skill level 6 in Axes
  4944 | D:5      | Reached skill level 5 in Armour
  4944 | D:5      | Reached XP level 8. HP: 43/51 MP: 8/8
  5142 | D:5      | Noticed Pikel
  5168 | D:5      | Killed Pikel
  5168 | D:5      | Reached XP level 9. HP: 43/56 MP: 9/9
  6199 | D:6      | Found Betsasox's Antique Weapon Shop.
  6279 | D:6      | Reached skill level 7 in Axes
  6659 | D:6      | Found Ireqi's Jewellery Shoppe.
  6745 | D:6      | Found Cek Hizoerre's Weapon Emporium.
  6755 | D:6      | Bought a +2 hand axe of freezing for 191 gold pieces
  7118 | D:6      | Found an iron altar of Okawaru.
  7201 | D:6      | Found Assueh's Jewellery Shoppe.
  7335 | D:6      | Reached **** piety under Trog
  7787 | D:7      | Found a staircase to the Ecumenical Temple.
  7794 | D:7      | Found Goziufic's Quality Used Wands.
  7871 | D:7      | Received a gift from Trog
  7888 | D:7      | Found a flagged portal.
  7901 | Bailey   | Entered a bailey
  7909 | Bailey   | Reached skill level 5 in Dodging
  7964 | Bailey   | Reached XP level 10. HP: 61/63 MP: 10/10
  7977 | Bailey   | Reached skill level 8 in Axes
  9063 | D:7      | Reached skill level 5 in Bows
  9170 | D:7      | Reached ***** piety under Trog
  9255 | D:7      | Noticed Nuatha's ghost (novice VSWn)
  9278 | D:7      | Killed Nuatha's ghost
  9279 | D:7      | Found a stormy altar of Qazlal.
  9748 | D:8      | Noticed Jano's ghost (novice DrMo)
 10054 | D:6      | Bought the ring "Soxaiq" {+Fly rN++ MR+} for 527 gold pieces
 10279 | D:8      | Reached skill level 9 in Axes
 10407 | D:8      | Killed Jano's ghost
 10407 | D:8      | Reached XP level 11. HP: 68/68 MP: 11/11
 11018 | D:9      | Received a gift from Trog
 11161 | D:9      | Found an iron altar of Okawaru.
 11374 | D:9      | Noticed a two-headed ogre
 11389 | D:9      | Killed a two-headed ogre
 11942 | D:9      | Noticed a two-headed ogre
 11956 | D:9      | Killed a two-headed ogre
 11972 | D:9      | Slain by a killer bee

Vault maps used:
D:1:      dpeg_arrival_water_temple_mockup, minmay_splitting_lines, st_stairs_9,
          minmay_gold_behind_fungi
D:2:      marbit_many_paths
D:3:      makhleb_altar_promises_db, uniq_sigmund
D:4:      nicolae_overflow_hidden_temple, gammafunk_temple_overflow_elements,
          first_bread
D:5:      uniq_pikel
D:6:      kennysheep_little_box, serial_shops, shop, kennysheep_mini, shop,
          nicolae_shop_waterfront, minivault_1
D:7:      lemuel_coloured_pillars_altar, enter_bailey_2,
          nicolae_for_you_no_charge
D:8:      serial_undead, serial_undead_e, serial_undead_b, serial_undead_d,
          serial_undead_d
D:9:      basic_altar, hangedman_ranch
Bailey:   bailey_polearm_gnolls_kennysheep, bailey

Skill      XL: |  1  2  3  4  5  6  7  8  9 10 11 |
---------------+----------------------------------+-----
Armour         | 3 4 5 6 7 8 |  8.2
Dodging        | 2 3 4 5 6 |  6.3
Axes           | 3 4 6 7 9 |  9.7
Fighting       | 4 5 6 7 8 |  8.6
Bows           | 2 4 6 7 |  7.1

Action                   |  1- 3 |  4- 6 |  7- 9 | 10-12 || total
-------------------------+-------+-------+-------+-------++-------
Melee: Hand axe          |   241 |   159 |   461 |   373 ||  1234
 Fire: Shortbow          |       |       |    98 |   139 ||   237
       Longbow           |       |       |       |    26 ||    26
Invok: Berserk           |       |     1 |     5 |     7 ||    13
       Trog's Hand       |       |       |     1 |       ||     1
       Burn Spellbooks   |       |       |       |     2 ||     2
  Use: Scroll            |       |       |     7 |     9 ||    16
 Stab: Distracted        |       |       |     1 |       ||     1
  Eat: Chunk             |     4 |     5 |    16 |    13 ||    38
       Bread ration      |       |       |     1 |       ||     1
       Fruit             |       |       |       |     1 ||     1
       Royal jelly       |       |       |       |     1 ||     1
       Pizza             |       |       |       |     1 ||     1
Armor: Animal skin       |    17 |       |       |       ||    17
       Ring mail         |    57 |    69 |    57 |       ||   183
       Chain mail        |       |       |   192 |   295 ||   487
       Skin              |       |       |     9 |       ||     9
Dodge: Dodged            |    82 |   119 |   188 |   256 ||   645
